 Dungeon Crawl Stone Soup version 0.22.1-2-g9c5b331 (webtiles) character file.

742 manyhoops the Chiller (level 7, -2/51 HPs)
             Began as a Gnoll Wanderer on Nov 25, 2018.
             Shot with an arrow by a centaur (7 damage)
             ... on level 5 of the Dungeon on Dec 21, 2018.
             The game lasted 00:14:03 (8354 turns).

manyhoops the Chiller (Gnoll Wanderer)              Turns: 8354, Time: 00:14:03

Health: -2/51      AC:  5    Str: 14    XL:     7   Next: 76%
Magic:  14/15      EV: 12    Int: 16    God:
Gold:   198        SH:  0    Dex: 15    Spells: 10/17 levels left

rFire    . . .     SeeInvis .   q - +0 war axe
rCold    . . .     Gourm    .   (no shield)
rNeg     . . .     Faith    .   g - +0 leather armour
rPois    .         Spirit   .   u - +0 helmet
rElec    .         Reflect  .   a - +0 cloak
rCorr    .         Harm     .   (no gloves)
MR       .....                  (no boots)
Stlth    ++........             k - amulet of rage
HPRegen  0.17/turn              (no ring)
MPRegen  0.14/turn              (no ring)

@: very slightly contaminated
A: distributed training, fangs 1, strong nose
a: Evoke Berserk Rage


You were on level 5 of the Dungeon.
You were not hungry.

You visited 1 branch of the dungeon, and saw 5 of its levels.

You collected 198 gold pieces.

Inventory:

Hand Weapons
 q - a +0 war axe (weapon)
Armour
 a - a +0 cloak (worn)
 g - a +0 leather armour (worn)
 u - a +0 helmet (worn)
Magical Staves
 m - an uncursed staff of energy
Jewellery
 k - an amulet of rage (around neck)
 x - an uncursed ring of positive energy {unknown}
Wands
 e - a wand of flame (18)
Scrolls
 b - a scroll of immolation
 c - 3 scrolls of teleportation {unknown}
 d - 2 scrolls of magic mapping
 h - 3 scrolls of identify
 j - 4 scrolls of remove curse
 l - a scroll of fog
 n - a scroll of enchant armour {unknown}
 o - a scroll of blinking
 p - a scroll of amnesia {unknown}
Potions
 i - a potion of haste
 r - a potion of flight {unknown}
 s - a potion of cancellation {unknown}
 t - 2 potions of lignification {unknown}
 v - 2 potions of curing
Comestibles
 f - 4 rations


   Skills:
 + Level 2.6 Fighting
 + Level 2.6 Short Blades
 + Level 2.6 Long Blades
 + Level 2.6 Axes
 + Level 2.6 Maces & Flails
 + Level 2.6 Polearms
 + Level 2.6 Staves
 + Level 2.6 Slings
 + Level 2.6 Bows
 + Level 2.6 Crossbows
 + Level 2.6 Throwing
 + Level 2.6 Armour
 + Level 2.6 Dodging
 + Level 3.6 Stealth
 + Level 2.6 Shields
 + Level 2.6 Unarmed Combat
 + Level 5.7 Spellcasting
 + Level 2.1 Conjurations
 + Level 2.1 Hexes
 + Level 3.1 Charms
 + Level 2.1 Summonings
 + Level 3.1 Necromancy
 + Level 2.1 Translocations
 + Level 2.1 Transmutations
 + Level 3.1 Fire Magic
 + Level 5.9 Ice Magic
 + Level 2.1 Air Magic
 + Level 2.1 Earth Magic
 + Level 2.1 Poison Magic
 + Level 2.9 Invocations
 + Level 3.7 Evocations


You had 10 spell levels left.
You knew the following spells:

 Your Spells              Type           Power        Failure   Level  Hunger
a - Magic Dart            Conj           ##..         7%          1    None
b - Song of Slaying       Chrm           ##......     8%          2    #......
c - Ozocubu's Armour      Chrm/Ice       ###.....     9%          3    ##.....
d - Freeze                Ice            ###.         1%          1    None

Your spell library contained the following spells:

 Spells                   Type           Power        Failure   Level  Hunger
 Infusion                 Chrm           ##..         4%          1    None
 Throw Frost              Conj/Ice       ###...       4%          2    #......
 Shroud of Golubria       Chrm/Tloc      ##........   9%          2    #......
 Regeneration             Chrm/Necr      ##........   14%         3    ##.....
 Spectral Weapon          Hex/Chrm       ##......     19%         3    ##.....
 Dazzling Spray           Conj/Hex       ##....       22%         3    ##.....
 Summon Ice Beast         Ice/Summ       ###.....     32%         4    ####...
 Throw Icicle             Conj/Ice       ###.....     32%         4    ####...


Dungeon Overview and Level Annotations

Branches:
Dungeon (5/15)
 Temple: D:4-7

Altars:
Vehumet

Annotations:
D:5 Dowan, Duvessa


Innate Abilities, Weirdness & Mutations

Your experience applies equally to all skills.
You have very sharp teeth.
Your uncanny sense of smell can sniff out nearby items.


Message History

Press: ? - help, Shift-Dir - straight line, f/p - centaur
Aim: a centaur, wielding a shortbow You throw a tomahawk.
The tomahawk closely misses the centaur.
You hear a shout!
The centaur shoots an arrow.
The arrow hits you!
* * * LOW HITPOINT WARNING * * *
Dowan gestures at you while chanting. The puff of flame hits you!
Duvessa, Sister of Dowan comes into view.
She is wielding a short sword.
The centaur shoots an arrow.
The arrow hits you!
* * * LOW HITPOINT WARNING * * *
Okay, then.
Blink to where?
Press: ? - help, Dir - move target cursor, p - centaur You are very lightly contaminated with residual magic.
As you read the scroll of blinking, it crumbles to dust.
There is a stone staircase leading up, spattered with blood here.
The centaur shoots an arrow.
The arrow hits you!
You die...

.<.........#...###...
#.......c$..# ....
##......(§...# ...
...#..(###......
#.#...###..##..
#............
#.............
..######..........#
##
.......)(@........#
..#####...........#
....#..........
######.........#
#......... ∆
#########


You could see a centaur.

Vanquished Creatures
  An orc warrior (D:4)
  A scorpion (D:5)
  A howler monkey (D:4)
  2 jellies (D:5)
  2 hounds (D:4)
  3 orc wizards
  A bullfrog skeleton (D:4)
  3 worker ants (D:4)
  A hound skeleton (D:4)
  2 gnolls
  8 adders
  An ooze (D:3)
  An adder zombie (D:5)
  3 worms (D:2)
  3 dart slugs
  2 leopard geckos
  21 orcs
  2 ball pythons
  3 giant cockroaches
  11 goblins
  14 hobgoblins
  10 jackals
  6 bats
  6 frilled lizards
  11 kobolds
  A leopard gecko skeleton (D:4)
  8 rats
128 creatures vanquished.

Notes
Turn   | Place    | Note
-------+----------+-------------------------------------------
     0 | D:1      | manyhoops the Gnoll Wanderer began the quest for the Orb.
     0 | D:1      | manyhoops set off with: a +0 robe, a +0 dagger, a ration
     0 | D:1      | Reached XP level 1. HP: 13/13 MP: 6/6
   130 | D:1      | Reached XP level 2. HP: 7/19 MP: 7/7
  1004 | D:1      | Reached XP level 3. HP: 25/25 MP: 9/9
  1018 | D:1      | Reached skill level 5 in Spellcasting
  1424 | D:1      | Reached skill level 1 in Invocations
  1768 | D:2      | Reached skill level 1 in Fighting
  1768 | D:2      | Reached skill level 1 in Short Blades
  1768 | D:2      | Reached skill level 1 in Long Blades
  1768 | D:2      | Reached skill level 1 in Axes
  1768 | D:2      | Reached skill level 1 in Maces & Flails
  1768 | D:2      | Reached skill level 1 in Polearms
  1768 | D:2      | Reached skill level 1 in Staves
  1768 | D:2      | Reached skill level 1 in Slings
  1768 | D:2      | Reached skill level 1 in Bows
  1768 | D:2      | Reached skill level 1 in Crossbows
  1768 | D:2      | Reached skill level 1 in Throwing
  1768 | D:2      | Reached skill level 1 in Armour
  1768 | D:2      | Reached skill level 1 in Dodging
  1768 | D:2      | Reached skill level 1 in Shields
  1768 | D:2      | Reached skill level 1 in Unarmed Combat
  2088 | D:2      | Reached XP level 4. HP: 22/32 MP: 11/11
  3278 | D:2      | Reached skill level 1 in Conjurations
  3278 | D:2      | Reached skill level 1 in Hexes
  3278 | D:2      | Reached skill level 1 in Summonings
  3278 | D:2      | Reached skill level 1 in Translocations
  3278 | D:2      | Reached skill level 1 in Transmutations
  3278 | D:2      | Reached skill level 1 in Air Magic
  3278 | D:2      | Reached skill level 1 in Earth Magic
  3278 | D:2      | Reached skill level 1 in Poison Magic
  3476 | D:2      | Learned a level 1 spell: Freeze
  3479 | D:2      | Learned a level 2 spell: Song of Slaying
  3483 | D:2      | Learned a level 3 spell: Ozocubu's Armour
  3485 | D:2      | Learned a level 1 spell: Magic Dart
  4047 | D:2      | Reached XP level 5. HP: 29/37 MP: 12/12
  5367 | D:3      | Reached XP level 6. HP: 14/44 MP: 5/13
  7070 | D:4      | Reached XP level 7. HP: 42/50 MP: 11/15
  7169 | D:5      | Entered Level 5 of the Dungeon
  7729 | D:5      | Found a radiant altar of Vehumet.
  8349 | D:5      | Noticed Dowan
  8351 | D:5      | Noticed Duvessa
  8354 | D:5      | Shot with an arrow by a centaur

Skill      XL: |  1  2  3  4  5  6  7 |
---------------+----------------------+-----
Charms         | 2 3 |  3.1
Necromancy     | 2 3 |  3.1
Fire Magic     | 2 3 |  3.1
Spellcasting   | 5 |  5.7
Invocations    | 1 2 |  2.9
Fighting       | 1 2 |  2.6
Short Blades   | 1 2 |  2.6
Long Blades    | 1 2 |  2.6
Axes           | 1 2 |  2.6
Maces & Flails | 1 2 |  2.6
Polearms       | 1 2 |  2.6
Staves         | 1 2 |  2.6
Slings         | 1 2 |  2.6
Bows           | 1 2 |  2.6
Crossbows      | 1 2 |  2.6
Throwing       | 1 2 |  2.6
Armour         | 1 2 |  2.6
Dodging        | 1 2 |  2.6
Shields        | 1 2 |  2.6
Unarmed Combat | 1 2 |  2.6
Conjurations   | 1 2 |  2.1
Hexes          | 1 2 |  2.1
Summonings     | 1 2 |  2.1
Translocations | 1 2 |  2.1
Transmutations | 1 2 |  2.1
Air Magic      | 1 2 |  2.1
Earth Magic    | 1 2 |  2.1
Poison Magic   | 1 2 |  2.1
Evocations     | 3 |  3.7
Stealth        | 3 |  3.6
Ice Magic      | |  5.9

Action                   |  1- 3 |  4- 6 |  7- 9 || total
-------------------------+-------+-------+-------++-------
Melee: Dagger            |   160 |       |       ||   160
       Bite              |    13 |    26 |     4 ||    43
       Club              |    15 |   199 |       ||   214
       Mace              |     6 |       |       ||     6
       Flail             |       |    34 |       ||    34
       Punch             |       |     3 |       ||     3
       War axe           |       |    45 |    44 ||    89
       Short sword       |       |    21 |       ||    21
Throw: Throwing net      |       |     2 |       ||     2
       Tomahawk          |       |       |     1 ||     1
 Cast: Magic Dart        |       |    18 |     4 ||    22
       Song of Slaying   |       |     3 |     3 ||     6
       Ozocubu's Armour  |       |     5 |       ||     5
       Freeze            |       |    24 |    21 ||    45
 Abil: Evoke Berserk Rag |     1 |     3 |       ||     4
  Use: Scroll            |     3 |     3 |     1 ||     7
       Potion            |     1 |     1 |       ||     2
 Stab: Sleeping          |     3 |     2 |       ||     5
  Eat: Chunk             |     4 |     9 |     2 ||    15
       Ration            |       |     3 |     1 ||     4
Armor: Robe              |    44 |    21 |       ||    65
       Leather armour    |       |    82 |    27 ||   109
Dodge: Dodged            |   105 |   282 |    86 ||   473
